 Dungeon Crawl Stone Soup version 0.27.0-1-g7a089689b8 (webtiles) character file.

Game seed: 17506454729450470015

579 voltaire321 the Skirmisher (level 7, -1/44 HPs)
             Began as a Gargoyle Fighter on Aug 11, 2021.
             Was an Initiate of Makhleb.
             Slain by a water moccasin zombie (6 damage)
             ... on level 5 of the Dungeon.
             The game lasted 00:08:16 (4491 turns).

voltaire321 the Skirmisher (Gargoyle Fighter)       Turns: 4491, Time: 00:08:17

Health: -1/44      AC: 16    Str: 21    XL:     7   Next: 36%
Magic:  8/8        EV:  5    Int:  9    God:    Makhleb [......]
Gold:   169        SH:  9    Dex:  9    Spells: 6/6 levels left

rFire    . . .     SeeInvis .   a - +0 flail
rCold    . . .     Faith    .   c - +0 kite shield
rNeg     + . .     Spirit   .   k - +0 chain mail
rPois    ∞         Reflect  .   g - +1 helmet
rElec    +         Harm     .   (no cloak)
rCorr    .         Rampage  .   (no gloves)
Will     .....                  (no boots)
Stlth    ..........             (no amulet)
HPRegen  0.14/turn              (no ring)
MPRegen  0.11/turn              (no ring)

@: no status effects
A: sickness immunity, AC +4, negative energy resistance 1, electricity
resistance, torment resistance 1, petrification resistance
a: Renounce Religion


You were on level 5 of the Dungeon.
You worshipped Makhleb.
Makhleb was noncommittal.
You visited 1 branch of the dungeon, and saw 5 of its levels.

You collected 281 gold pieces.
You spent 112 gold pieces at shops.

Inventory:

Hand Weapons
 a - a +0 flail (weapon)
Missiles
 v - 6 poisoned darts (quivered)
Armour
 c - a +0 kite shield (worn)
 g - a +1 helmet (worn)
 k - a +0 chain mail (worn)
Jewellery
 h - an amulet of guardian spirit
Scrolls
 f - a scroll of identify
 j - a scroll of fear {unknown}
 m - a scroll of amnesia
 o - a scroll of holy word {unknown}
 q - a scroll of teleportation
 s - a scroll of torment {unknown}
 t - a scroll of magic mapping {unknown}
Potions
 b - a potion of berserk rage {unknown}
 d - a potion of might
 e - 4 potions of curing
 i - a potion of heal wounds {unknown}
 l - a potion of haste {unknown}
 n - a potion of degeneration {unknown}
 p - 2 potions of lignification {unknown}
 r - 3 potions of invisibility {unknown}
 u - 2 potions of attraction {unknown}


   Skills:
 + Level 4.9 Fighting
 + Level 3.7 Maces & Flails
 + Level 2.3 Throwing
 + Level 4.9 Armour
 + Level 4.8 Shields
 + Level 2.4 Invocations


You had 6 spell levels left.
You didn't know any spells.
Your spell library contained the following spells:

 Spells                   Type           Power      Damage    Failure   Level
 Beastly Appendage        Tmut           0%         N/A       100%        1
 Wereblood                Tmut           0%         N/A       100%        2
 Spider Form              Tmut/Pois      0%         N/A       100%        3


Dungeon Overview and Level Annotations

Branches:
Dungeon (5/15)
 Temple: D:4-7

Altars:
Elyvilon
Gozag
Kikubaaqudgha
Makhleb
The Shining One

Shops:
D:3 *

Annotations:
D:5 Blork the orc


Innate Abilities, Weirdness & Mutations

You are immune to sickness and miasma.
Your stone body is resilient. (AC +4)
You are immune to poison.
You resist negative energy. (rN+)
You are resistant to electric shocks. (rElec)
You are resistant to unholy torment.
You are immune to petrification.


Message History

Menkaure is moderately damaged.
Menkaure points at you and mumbles some strange words.
You struggle to resist.
You thump Menkaure!
Menkaure is heavily damaged.
Menkaure hits you.
You hit Menkaure.
Menkaure is severely damaged.
The water moccasin zombie bites you but does no damage.
Menkaure calls on the powers of darkness!
Your body is wracked with pain!
The water moccasin zombie bites you but does no damage.
You hit Menkaure.
Menkaure is almost destroyed.
You block the water moccasin zombie's attack.
Menkaure hits you!
You block the water moccasin zombie's attack.
You barely miss Menkaure.
Menkaure is almost destroyed.
Menkaure hits you!
* * * LOW HITPOINT WARNING * * *
You block the water moccasin zombie's attack.
Menkaure points at you and mumbles some strange words.
You are unaffected.
You barely miss Menkaure.
Menkaure is almost destroyed.
The water moccasin zombie bites you but does no damage. x2
You block Menkaure's attack.
You sock Menkaure!
You destroy Menkaure!
Makhleb accepts your kill.
You block the water moccasin zombie's attack. x2
An iguana comes into view.
The water moccasin zombie bites you but does no damage.
You block the water moccasin zombie's attack.
The water moccasin zombie bites you but does no damage.
The water moccasin zombie bites you but does no damage.
The water moccasin zombie bites you but does no damage.
The water moccasin zombie bites you.
You die...

#........# ##..#...##
##..#....## ###
#..#......########.###
...##.......#..##....#
#####..........##....######
.(........................####
...................###.......#
##..............@Z..###..##..###
##.................###....##...#
#.....#..#.##.............>..# .
..###.###........####......# .#
#. ....#..#### #....### .#
#......#######..###
###....##........##
##..............# #.
#.###...l...######


You could see a water moccasin zombie.

Vanquished Creatures
  Menkaure (D:5)
  A black bear (D:4)
  A necrophage (D:4)
  2 scorpions
  2 iguanas (D:4)
  An adder (D:2)
  A gnoll (D:1)
  An ufetubus (D:5)
  An adder skeleton (D:4)
  3 worms
  4 dart slugs
  7 ball pythons
  5 bats
  3 endoplasms
  3 giant cockroaches
  4 goblins
  7 hobgoblins
  4 jackals
  6 quokkas
  3 frilled lizards
  8 kobolds
  5 rats
73 creatures vanquished.

Notes
Turn   | Place    | Note
-------+----------+-------------------------------------------
     0 | D:1      | voltaire321 the Gargoyle Fighter began the quest for the
                  | Orb.
     0 | D:1      | Reached XP level 1. HP: 14/14 MP: 1/1
     9 | D:1      | Found a faded altar of an unknown god.
   178 | D:1      | Reached XP level 2. HP: 19/19 MP: 2/2
   821 | D:1      | Reached XP level 3. HP: 21/23 MP: 3/3
  1654 | D:2      | Reached XP level 4. HP: 14/29 MP: 4/4
  1907 | D:2      | You fall into a shaft and drop 1 floor!
  2366 | D:3      | Found a glowing golden altar of the Shining One.
  2494 | D:3      | Found Cadetwir's Assorted Antiques.
  2506 | D:3      | Bought a scroll labelled VUREPLUOFO for 28 gold pieces
  2507 | D:3      | Bought a scroll labelled SOLLYITHRUC for 28 gold pieces
  2507 | D:3      | Bought a scroll labelled JECZIH IZUUTEI for 28 gold pieces
  2507 | D:3      | Bought a scroll labelled DAUFEUK IJAS for 28 gold pieces
  2704 | D:3      | Reached skill level 1 in Throwing
  2704 | D:3      | Found a burning altar of Makhleb.
  2781 | D:3      | Became a worshipper of Makhleb the Destroyer
  2990 | D:4      | Noticed a necrophage
  2998 | D:4      | Killed a necrophage
  2999 | D:4      | Reached skill level 1 in Invocations
  2999 | D:4      | Reached XP level 5. HP: 32/33 MP: 5/5
  3063 | D:4      | Reached XP level 6. HP: 25/39 MP: 5/7
  3201 | D:4      | Found Tumo's Gadget Gallery.
  3542 | D:4      | Found an opulent altar of Gozag.
  3974 | D:4      | Found a white marble altar of Elyvilon.
  4137 | D:4      | Noticed a black bear
  4145 | D:4      | Killed a black bear
  4242 | D:5      | Entered Level 5 of the Dungeon
  4242 | D:5      | Noticed Blork the orc
  4333 | D:5      | Reached XP level 7. HP: 31/44 MP: 8/8
  4452 | D:5      | Noticed Menkaure
  4453 | D:5      | Found an ancient bone altar of Kikubaaqudgha.
  4463 | D:5      | HP: 1/44 [Menkaure (16)]
  4465 | D:5      | Killed Menkaure
  4491 | D:5      | Slain by a water moccasin zombie

Illustrated notes

Levels and vault maps discovered:
D:1:      minmay_arrival_doors, layout_loops_ring,
          ebering_ecumenical_altar_sacrificial, minmay_pentomino_z4
D:2:      minmay_chambers_of_ones, layout_rooms
D:3:      layout_loops_ring, mainiacjoe_overflow_tiny_flanked,
          nicolae_tso_swordbearing_angel, serial_shops, shop,
          corexii_corridor_pit
D:4:      kennysheep_spiral_hall, layout_basic, mainiacjoe_overflow_alcove_1,
          nicolae_gozag_cash_rules_everything_around_me, nicolae_shop_gadgets
D:5:      black_bear_nest_1, layout_cave_pools, kiku_gazebo_garden_becter,
          temple_doors_cd, uniq_menkaure, uniq_blork_the_orc

Skill      XL: |  1  2  3  4  5  6 |
---------------+-------------------+-----
Armour         | 4 |  4.9
Throwing       | 1 2 |  2.3
Fighting       | 4 |  4.9
Maces & Flails | 3 |  3.7
Shields        | 4 |  4.8
Invocations    | 1 2 |  2.4

Action                   |  1- 3 |  4- 6 |  7- 9 || total
-------------------------+-------+-------+-------++-------
Melee: Flail             |   118 |   130 |    11 ||   259
  Use: Scroll            |       |     9 |       ||     9
Armor: Scale mail        |    62 |       |       ||    62
       Chain mail        |    16 |    80 |    15 ||   111
Dodge: Dodged            |    42 |    29 |     3 ||    74
Block: Kite shield       |    84 |    56 |    11 ||   151
